 Dungeon Crawl Stone Soup version bcrawl-1.12.1 (webtiles) character file.

Game seed: 7937832125492237844

32281 Morbidden the Fencer (level 13, -13/145 HPs)
             Began as an Ogre Archaeologist on July 12, 2019.
             Was a High Priest of Okawaru.
             Mangled by a reaper
             ... wielding a +1 scythe of freezing
              (46 damage)
             ... in an ice cave.
             The game lasted 00:47:42 (24031 turns).

Morbidden the Fencer (Ogre Archaeologist)          Turns: 24031, Time: 00:47:43

Health: -13/145    AC: 10    Str: 22    XL:     13   Next: 63%
Magic:  22/28      EV: 14    Int: 15    God:    Okawaru [*****.]
Gold:   882        SH:  3    Dex:  7    Spells: 12/12 levels left

rFire    + . .     SeeInvis .   f - +11 plutonium sword {*Contam Stlth-}
rCold    + . .     Gourm    .   (shield currently unavailable)
rNeg     . . .     Faith    .   A - +2 robe {rC+ rF+}
rPois    .         Spirit   .   c - +2 hat
rElec    .         Reflect  .   J - +2 cloak
rCorr    .         Harm     .   (gloves unavailable)
MR       +....                  (boots unavailable)
Stlth    ++........             E - amulet of the acrobat
HPRegen  0.34/turn              F - ring of magical power
MPRegen  0.21/turn              j - ring of wizardry

@: heroism, finesse
A: large, unfitting armour, tough skin 1
a: Heroism, Finesse, Renounce Religion


You were in an ice cave.
You worshipped Okawaru.
Okawaru was extremely pleased with you.
You were not hungry.

You visited 3 branches of the dungeon, and saw 17 of its levels.
You also visited: Ossuary and Ice Cave.

You collected 931 gold pieces.
You spent 49 gold pieces at shops.

Inventory:

Hand Weapons
 f - the +11 plutonium sword (weapon) {*Contam Stlth-}

   It causes magical contamination when unequipped.
   It makes you less stealthy.
Missiles
 H - a throwing net (quivered) {!f}
Armour
 c - a +2 hat (worn)
 A - a +2 robe of resistance (worn)
 J - a +2 cloak (worn)
Jewellery
 j - a ring of wizardry (right hand)
 E - an amulet of the acrobat (around neck)
 F - a ring of magical power (left hand)
Wands
 o - a wand of iceblast (13)
 v - a wand of paralysis (3)
 z - a wand of disintegration (12)
 B - a wand of flame (20)
 C - a wand of polymorph (3)
 D - a wand of digging (5)
Scrolls
 a - a scroll of fear
 d - 11 scrolls of identify
 i - 8 scrolls of remove curse
 m - a scroll of blinking
 n - 3 scrolls of noise
 p - 6 scrolls of amnesia
 r - 3 scrolls of enchant weapon
 s - a scroll of vulnerability
 u - 2 scrolls of fog
 w - 3 scrolls of immolation
 y - 3 scrolls of teleportation
Potions
 b - a potion of invisibility
 e - a potion of cancellation
 h - a potion of might
 l - 2 potions of mutation
 q - 2 potions of brilliance
 t - 2 potions of flight
 G - a potion of haste
Miscellaneous
 I - a phantom mirror
Comestibles
 g - 10 rations {!d}


   Skills:
 * Level 13.8(18.8) Fighting
   Level 2.8(15.6) Short Blades
 * Level 15.2(20.3) Long Blades
   Level 2.1(7.1) Maces & Flails
 + Level 0.1(5.1) Throwing
 * Level 7.6(12.6) Dodging
 - Level 3.1(8.1) Stealth
 - Level 8.0 Invocations
 + Level 0.8 Evocations


You had 12 spell levels left.
You didn't know any spells.
Your spell library contained the following spells:

 Spells                   Type           Power        Failure   Level  Hunger
 Freeze                   Ice            #.....       11%         1    ##.....
 Throw Frost              Conj/Ice       #.....       16%         2    ###....
 Ozocubu's Armour         Chrm/Ice       #.......     32%         3    ####...
 Summon Ice Beast         Ice/Summ       #.......     69%         4    #####..
 Throw Icicle             Conj/Ice       #.......     69%         4    #####..


Dungeon Overview and Level Annotations

Branches:
Dungeon (11/12)            Temple (1/1) D:4            Lair (5/6) D:9
 Shoals (0/3) Lair:3        Slime (0/5) Lair:5          Orc (0/1) D:11
  Snake: Lair:2-4    Spider: Lair:2-4    Vaults: D:11-12

Altars:
Ashenzari
Cheibriados
Dithmenos
Elyvilon
Gozag
Kikubaaqudgha
Lugonu
Okawaru
Qazlal
Ru
Trog
Vehumet
Xom
Yredelemnul

Shops:
D:4 *   D:7 }


Innate Abilities, Weirdness & Mutations

You are too large for most types of armour.
You have tough skin. (AC +1)


Message History

The reaper freezes you.
You can now deal lightning-fast blows.
The reaper is engulfed in freezing vapours.
The reaper hits you from afar with a +1 scythe of freezing!
The reaper freezes you.
The reaper is engulfed in freezing vapours.
The reaper is engulfed in freezing vapours.
The reaper hits you from afar with a +1 scythe of freezing!!!
* * * LOW HITPOINT WARNING * * *
The reaper freezes you.
* * * LOW HITPOINT WARNING * * *
Unknown command.
Unknown command.
Okay, then.
The reaper is engulfed in freezing vapours.
Unknown command.
Unknown command.
You feel better.
The reaper hits you from afar with a +1 scythe of freezing!!!
You die...

#....##
#§§.#☼.○§§. .#
##.#.##
#§○§#☼§§####☼☼#.?
.###..#
#☼§§☼§○§.§§§☼§○.)
.##...#
#°.#§§§.§§§.2.#
......#
##.##○§#§#..#.#
...#..#
#..#.##.#..#
#..#..##
#....#.2##..#
####...#
##..##...#.##
##..# #.....@.###
#...## ##......#
##...# #.....##
##..## ##...##
##....# #####
##.....##
#.......# ####
#..§...##
######..##
#☼§§§§§.###
##..##....##


You could see a reaper.

Vanquished Creatures
  An anaconda (Lair:5)
  3 two-headed ogres
  2 tengu warriors
  4 death yaks (Lair:2)
  A fire crab (Lair:5)
  An ugly thing (D:7)
  A centaur zombie (D:10)
  10 black mambas (Lair:5)
  A water nymph (D:8)
  A gargoyle (D:10)
  2 ice statues (IceCv)
  A centaur skeleton (D:10)
  An orange demon (IceCv)
  8 cane toads
  4 komodo dragons
  3 ice devils (IceCv)
  A hellwing (IceCv)
  2 queen bees
  A tengu conjurer (D:10)
  A polar bear (Lair:5)
  10 blink frogs
  5 hippogriffs
  A shadow (D:10)
  A human (Lair:2)
  2 wyverns
  A basilisk (Lair:5)
  14 yaks
  A hungry ghost (D:6)
  A chaos spawn (IceCv)
  A steam dragon (D:10)
  3 wargs (D:9)
  A naga (Lair:2)
  16 water moccasins
  6 porcupines
  An eye of draining (D:11)
  3 sky beasts
  A black bear (Lair:5)
  3 orc warriors
  An ice beast (D:8)
  4 phantoms
  2 ogres
  2 crocodiles
  7 centaurs
  11 wolves
  10 bullfrogs
  3 scorpions
  5 wights (D:8)
  6 killer bees
  4 howler monkeys
  A crimson imp (D:4)
  A bullfrog zombie (D:8)
  A human zombie (Ossuary)
  9 hounds
  4 orc priests
  13 orc wizards
  6 iguanas
  5 hell rats (Lair:3)
  5 worker ants
  A hound zombie (D:4)
  6 mummies
  A worker ant zombie (D:9)
  4 adders
  3 gnolls (D:6)
  A shadow imp (D:6)
  15 white imps
  7 ufetubi (IceCv)
  An ooze (D:4)
  4 worms
  6 dart slugs
  7 leopard geckos
  40 orcs
  A ball python (D:1)
  A giant cockroach (D:2)
  A gnoll zombie (Ossuary)
  10 hobgoblins
  11 jackals
  4 kobolds
  2 quokkas
  6 bats
  4 frilled lizards
  7 goblins
  2 goblin zombies (Ossuary)
  A hobgoblin zombie (Ossuary)
  2 kobold zombies (Ossuary)
  A leopard gecko skeleton (D:5)
  An orc zombie (Ossuary)
  5 rats
375 creatures vanquished.

Vanquished Creatures (others)
  An orc priest (D:4)
  6 white imps (IceCv)
  3 ufetubi (IceCv)
  10 fungi
  12 plants
32 creatures vanquished.

Grand Total: 407 creatures vanquished

Notes
Turn   | Place    | Note
-------+----------+-------------------------------------------
     0 | D:1      | Morbidden the Ogre Archaeologist began the quest for the
                  | Orb.
     0 | D:1      | Reached XP level 1. HP: 19/19 MP: 1/1
   104 | D:1      | Reached XP level 2. HP: 21/28 MP: 2/2
   494 | D:1      | Reached XP level 3. HP: 26/35 MP: 3/3
  1552 | D:2      | Found a shadowy altar of Dithmenos.
  1555 | D:2      | Found a stormy altar of Qazlal.
  1556 | D:2      | Found an opulent altar of Gozag.
  1659 | D:2      | Reached skill level 1 in Long Blades
  1713 | D:2      | Found an ancient bone altar of Kikubaaqudgha.
  1805 | D:2      | Reached XP level 4. HP: 44/44 MP: 4/4
  2269 | D:3      | Found a faded altar of an unknown god.
  2383 | D:3      | Found a shattered altar of Ashenzari.
  2776 | D:3      | Reached skill level 2 in Long Blades
  3265 | D:3      | Reached XP level 5. HP: 47/53 MP: 5/5
  3268 | D:3      | Noticed a moth of wrath
  3271 | D:3      | Found a bloodstained altar of Trog.
  3618 | D:4      | Noticed a hippogriff
  3664 | D:4      | Found a sand-covered staircase.
  3689 | Ossuary  | Entered an ossuary
  3840 | Ossuary  | Reached skill level 1 in Short Blades
  4238 | Ossuary  | Reached XP level 6. HP: 12/63 MP: 6/6
  4569 | D:4      | Noticed a phantom
  4591 | D:4      | Killed a phantom
  4611 | D:4      | Found a staircase to the Ecumenical Temple.
  4630 | Temple   | Entered the Ecumenical Temple
  4674 | Temple   | Became a worshipper of Warmaster Okawaru
  5030 | D:4      | Reached skill level 3 in Long Blades
  5055 | D:4      | Found Rupnuwn's General Store.
  5129 | D:4      | Bought a +0 long sword for 49 gold pieces
  5358 | D:4      | Reached skill level 5 in Fighting
  5556 | D:4      | Reached XP level 7. HP: 58/72 MP: 7/7
  5874 | D:4      | Reached skill level 1 in Invocations
  6130 | D:4      | Reached skill level 4 in Long Blades
  6430 | D:4      | Reached * piety under Okawaru
  6523 | D:4      | Reached skill level 5 in Long Blades
  6908 | D:5      | Entered Level 5 of the Dungeon
  7115 | D:5      | Found a snail-covered altar of Cheibriados.
  7503 | D:5      | Found a bloodstained altar of Trog.
  7582 | D:5      | Reached XP level 8. HP: 10/83 MP: 7/9
  7592 | D:5      | HP: 4/124 [centaur (4)]
  7594 | D:5      | Reached skill level 6 in Long Blades
  8015 | D:5      | Found a white marble altar of Elyvilon.
  9059 | D:6      | Found a corrupted altar of Lugonu.
  9059 | D:6      | Found a radiant altar of Vehumet.
  9257 | D:6      | Reached skill level 7 in Long Blades
  9286 | D:6      | Noticed a hippogriff
  9296 | D:6      | Killed a hippogriff
  9608 | D:6      | Reached XP level 9. HP: 72/94 MP: 11/11
 10135 | D:7      | Reached ** piety under Okawaru
 10148 | D:7      | Reached skill level 8 in Long Blades
 10149 | D:7      | Found a sacrificial altar of Ru.
 10413 | D:7      | Noticed a green ugly thing
 10423 | D:7      | Killed a purple ugly thing
 10542 | D:7      | Reached *** piety under Okawaru
 10566 | D:7      | Reached skill level 9 in Long Blades
 10757 | D:7      | Found Ammok's Gadget Shoppe.
 11294 | D:8      | Reached XP level 10. HP: 98/107 MP: 10/13
 11295 | D:8      | Reached skill level 5 in Dodging
 11298 | D:8      | Reached **** piety under Okawaru
 11448 | D:8      | Reached skill level 10 in Long Blades
 11665 | D:8      | Found a basalt altar of Yredelemnul.
 11668 | D:8      | Noticed a two-headed ogre
 11674 | D:8      | Noticed a water nymph
 11674 | D:8      | a two-headed ogre changed into a water nymph
 11677 | D:8      | Killed a water nymph
 12497 | D:8      | Reached skill level 10 in Fighting
 12705 | D:9      | Reached skill level 5 in Invocations
 12812 | D:9      | Reached ***** piety under Okawaru
 13044 | D:9      | Noticed a two-headed ogre
 13049 | D:9      | Killed a two-headed ogre
 13049 | D:9      | Reached skill level 11 in Long Blades
 13049 | D:9      | Reached XP level 11. HP: 119/119 MP: 11/15
 13123 | D:9      | Found a staircase to the Lair.
 13245 | D:9      | Received a gift from Okawaru
 13557 | D:9      | Noticed a two-headed ogre
 13559 | D:9      | Killed a two-headed ogre
 13570 | D:9      | Noticed a tengu warrior
 13589 | D:9      | Killed a tengu warrior
 13978 | D:10     | Entered Level 10 of the Dungeon
 14196 | D:10     | Noticed a tengu warrior
 14216 | D:10     | Killed a tengu warrior
 14806 | D:10     | Reached skill level 12 in Long Blades
 15048 | Lair:1   | Entered Level 1 of the Lair of Beasts
 15959 | Lair:1   | Noticed Harold
 15962 | Lair:1   | Noticed Harold
 15962 | Lair:1   | Harold changed into Harold the two-headed ogre
 15998 | Lair:1   | Killed Harold the two-headed ogre
 16515 | Lair:2   | Noticed a seven-headed hydra
 16606 | Lair:2   | Reached XP level 12. HP: 124/132 MP: 16/16
 16634 | Lair:2   | Received a gift from Okawaru
 16641 | Lair:2   | Got a smoking rapier {god gift}
 16652 | Lair:2   | Identified the +1 rapier of Indomitability {elec, *Rage
                  | rElec rPois Int-4} (Okawaru gifted it to you on level 2 of
                  | the Lair of Beasts)
 16682 | Lair:2   | Noticed a death yak
 16718 | Lair:2   | Killed a death yak
 16830 | Lair:2   | Reached skill level 13 in Long Blades
 17203 | Lair:2   | Noticed a death yak
 17215 | Lair:2   | Killed a death yak
 17219 | Lair:2   | Noticed a death yak
 17220 | Lair:2   | Noticed a death yak
 17234 | Lair:2   | Killed a death yak
 17238 | Lair:2   | Killed a death yak
 17566 | Lair:2   | Noticed an eight-headed hydra
 18339 | Lair:3   | Received a gift from Okawaru
 19217 | Lair:3   | Found a staircase to the Shoals.
 19592 | Lair:4   | Noticed a six-headed hydra
 20575 | Lair:5   | Reached skill level 14 in Long Blades
 20856 | Lair:5   | Reached XP level 13. HP: 130/141 MP: 19/19
 21070 | Lair:5   | Reached ****** piety under Okawaru
 21504 | Lair:5   | Got an iridescent hunting sling
 21532 | Lair:5   | Identified the +7 hunting sling of Due Proportion
                  | {velocity, *Corrode Dex+5} (You found it on level 5 of the
                  | Lair of Beasts)
 21919 | Lair:5   | Received a gift from Okawaru
 21923 | Lair:5   | Got a smoking falchion {god gift}
 22876 | D:11     | Found a staircase to the Orcish Mines.
 22933 | D:11     | Found a frozen archway.
 22995 | IceCv    | Entered an ice cave
 23031 | IceCv    | Reached skill level 15 in Long Blades
 24018 | IceCv    | Noticed a reaper
 24031 | IceCv    | Mangled by a reaper

Skill      XL: |  1  2  3  4  5  6  7  8  9 10 11 12 13 |
---------------+----------------------------------------+-----
Maces & Flails | 2 |  2.1
Dodging        | 3 4 5 6 7 |  7.6
Fighting       | 2 3 4 5 6 7 9 10 11 12 13 | 13.8
Long Blades    | 1 2 3 5 7 9 11 12 14 15 | 15.2
Stealth        | 3 |  3.1
Short Blades   | 1 2 |  2.8
Invocations    | 1 3 4 5 6 8 |  8.0
Throwing       | |  0.1
Evocations     | |  0.8

Action                   |  1- 3 |  4- 6 |  7- 9 | 10-12 | 13-15 || total
-------------------------+-------+-------+-------+-------+-------++-------
Melee: Whip              |   208 |       |       |       |       ||   208
       Short sword       |     1 |   352 |       |       |       ||   353
       Long sword        |       |    38 |   175 |       |       ||   213
       Triple sword      |       |       |   132 |   393 |   237 ||   762
Throw: Throwing net      |       |       |       |     1 |       ||     1
Invok: Heroism           |       |       |     7 |    10 |     9 ||    26
       Finesse           |       |       |       |     4 |     4 ||     8
Evoke: Wand              |       |       |     2 |    17 |     2 ||    21
  Use: Scroll            |       |     4 |     2 |     2 |    13 ||    21
       Potion            |       |     4 |     4 |     8 |     3 ||    19
 Stab: Sleeping          |     4 |     2 |       |       |       ||     6
       Distracted        |     1 |       |       |       |       ||     1
       Paralysed         |       |       |     4 |       |       ||     4
       Invisible         |       |       |       |     1 |       ||     1
  Eat: Chunk             |     3 |     9 |    18 |    18 |     2 ||    50
       Ration            |       |     1 |     4 |     3 |     3 ||    11
Armor: Robe              |    68 |   101 |   123 |    87 |    64 ||   443
Dodge: Dodged            |    96 |   160 |   220 |   286 |   156 ||   918
Block: Other             |       |       |     7 |    26 |    12 ||    45
